 Dungeon Crawl Stone Soup version 0.26-a0-61-g6c07f0ee8d (webtiles) character file.

Game seed: 3250378218023121361

25 Ozzies the Skirmisher (level 2, -2/28 HPs)
             Began as a Minotaur Fighter on June 9, 2020.
             Killed from afar by Sigmund (5 damage)
             ... with a puff of flame
             ... on level 2 of the Dungeon.
             The game lasted 00:02:47 (879 turns).

Ozzies the Skirmisher (Minotaur Fighter)             Turns: 879, Time: 00:02:48

Health: -2/28      AC:  6    Str: 20    XL:     2   Next: 82%
Magic:  1/1        EV:  7    Int:  5    God:
Gold:   83         SH:  9    Dex:  9    Spells: 1/1 levels left

rFire    . . .     SeeInvis .   a - +0 war axe
rCold    . . .     Gourm    .   c - +0 kite shield
rNeg     . . .     Faith    .   b - +0 scale mail
rPois    .         Spirit   .   (helmet restricted)
rElec    .         Reflect  .   (no cloak)
rCorr    .         Harm     .   (no gloves)
MR       .....                  (no boots)
Stlth    ..........             (no amulet)
HPRegen  0.09/turn              (no ring)
MPRegen  0.07/turn              (no ring)

@: no status effects
A: retaliatory headbutt, horns 2
a: no special abilities


You were on level 2 of the Dungeon.
You were not hungry.

You visited 1 branch of the dungeon, and saw 2 of its levels.

You collected 83 gold pieces.

Inventory:

Hand Weapons
 a - a +0 war axe (weapon)
Armour
 b - a +0 scale mail (worn)
 c - a +0 kite shield (worn)
Scrolls
 g - 2 scrolls of identify {unknown}
 j - a scroll of teleportation {unknown}
Potions
 d - a potion of might
 e - a potion of curing {unknown}
 h - a potion of stabbing {unknown}
 i - 2 potions of mutation {unknown}
Comestibles
 f - 2 rations


   Skills:
 * Level 4.5 Fighting
 + Level 3.0 Axes
 - Level 3.6 Armour
 - Level 3.7 Shields


You had one spell level left.
You didn't know any spells.
Your spell library was empty.

Dungeon Overview and Level Annotations

Branches:
Dungeon (2/15)

Altars:

Annotations:
D:2 Sigmund


Innate Abilities, Weirdness & Mutations

You reflexively headbutt those who attack you in melee.
You have a pair of horns on your head.


Message History

You are too injured to fight recklessly!
You are too injured to fight recklessly!
You closely miss Sigmund.
Sigmund is lightly wounded.
Sigmund points at you and mumbles some strange words.
You resist with significant effort.
You barely miss Sigmund. You headbutt Sigmund.
Sigmund is moderately wounded.
A giant cockroach comes into view.
You block Sigmund's attack.
You closely miss Sigmund. You headbutt Sigmund!
Sigmund is severely wounded.
Sigmund casts a spell at you. The puff of flame hits you.
* * * LOW HITPOINT WARNING * * *
You closely miss Sigmund. You headbutt Sigmund.
Sigmund is severely wounded.
Sigmund casts a spell at you. The puff of flame hits you.
You die...

.. #.# ##.#####.
#.......#
#.......#########
#...s...........#
#######.###..........#
#....................#
#.##.@...............#
#....@...............#
#.....#####..........#
#......$#####..†.......#
#.##....##.............#
# #######.............#
........######.#...
#####...# #...####
#...####.######


You could see Sigmund and a giant cockroach.

Vanquished Creatures
  A dart slug (D:1)
  2 goblins
  3 hobgoblins (D:1)
  3 jackals (D:1)
  A bat (D:1)
  4 frilled lizards
  4 kobolds (D:1)
  4 rats (D:1)
22 creatures vanquished.

Notes
Turn   | Place    | Note
-------+----------+-------------------------------------------
     0 | D:1      | Ozzies the Minotaur Fighter began the quest for the Orb.
     0 | D:1      | Reached XP level 1. HP: 19/19 MP: 0/0
   367 | D:1      | Reached skill level 4 in Fighting
   383 | D:1      | Reached XP level 2. HP: 27/27 MP: 1/1
   856 | D:2      | Noticed Sigmund
   879 | D:2      | Killed from afar by Sigmund

Illustrated notes

Levels and vault maps discovered:
D:1:      heliophobic_arrival_dark_side_of_the_moon, layout_basic
D:2:      layout_basic, lemuel_round_altar, first_ration, uniq_sigmund,
          uniq_terence, uniq_robin

Skill      XL: |  1  2 |
---------------+-------+-----
Fighting       | 4 |  4.5
Axes           | 3 |  3.0
Armour         | |  3.6
Shields        | |  3.7

Action                   || total
-------------------------++-------
Melee: War axe           ||    57
       Headbutt          ||     9
Armor: Scale mail        ||    16
Dodge: Dodged            ||    22
Block: Kite shield       ||    28

Table legend:
 A = Non-vault XP
 B = Vault XP
 C = Vault XP percentage of total XP
 D = Non-vault monster count
 E = Vault monster count
 F = Vault count percentage of total count
                 A         B        C        D         E       F
            +---------+---------+-------+---------+---------+-------
      Total |      36 |       0 |   0.0 |      22 |       0 |   0.0
            +---------+---------+-------+---------+---------+-------
        D:1 |      33 |       0 |   0.0 |      20 |       0 |   0.0
        D:2 |       3 |       0 |   0.0 |       2 |       0 |   0.0
            +---------+---------+-------+---------+---------+-------
